 Dungeon Crawl Stone Soup version 0.20-a0-947-g2784f4f (webtiles) character file.

293 cebutris the Firebug (level 6, -1/46 HPs)
             Began as a Draconian Fire Elementalist on Apr 3, 2017.
             Slain by an orc
             ... wielding a +0 flail
              (3 damage)
             ... on level 4 of the Dungeon.
             The game lasted 00:24:17 (2915 turns).

cebutris the Firebug (Draconian Fire Elementalist)  Turns: 2915, Time: 00:24:18

Health: -1/46      AC:  8    Str:  9 (10) XL:     6   Next: 11%
Magic:  0/10       EV: 12    Int: 17      God:
Gold:   126        SH:  0    Dex: 11 (12) Spells: 5/11 levels left

rFire    + . .     SeeInvis .   f - +0 spear
rCold    x . .     Gourm    .   (no shield)
rNeg     . . .     Faith    .   (armour unavailable)
rPois    .         Spirit   .   (helmet restricted)
rElec    .         Reflect  .   q - +1 cloak
rCorr    .         Harm     .   (no gloves)
MR       .....                  (no boots)
Stlth    ++........             (no amulet)
Regen    0.2/turn               r - ring of fire
MPRegen  0.2/turn               (no ring)

@: no status effects
A: unfitting armour, cold-blooded, AC +6
a: no special abilities


You were on level 4 of the Dungeon.
You were very hungry.

You visited 1 branch of the dungeon, and saw 4 of its levels.

You collected 126 gold pieces.

Inventory:

Hand Weapons
 f - a +0 spear (weapon)
Missiles
 j - 2 javelins of returning (quivered)
Armour
 q - a +1 cloak (worn)
Jewellery
 r - a ring of fire (left hand)
Wands
 h - a wand of acid (9/15)
Scrolls
 d - a scroll of identify
 e - 4 scrolls of remove curse
Potions
 c - a potion of curing
 g - 3 potions of agility
 o - 2 potions of ambrosia
Books
 a - a book of Flames

   Spells                             Type                      Level
   a - Flame Tongue                   Conjuration/Fire             1
   b - Throw Flame                    Conjuration/Fire             2
   c - Conjure Flame                  Conjuration/Fire             3
   d - Inner Flame                    Hexes/Fire                   3
   e - Sticky Flame                   Conjuration/Fire             4
   f - Fireball                       Conjuration/Fire             5
Comestibles
 b - 3 bread rations
 i - 3 meat rations


   Skills:
 + Level 0.9 Fighting
 + Level 1.1 Polearms
 + Level 2.5 Dodging
 + Level 2.2 Stealth
 + Level 3.2 Spellcasting
 + Level 3.0 Conjurations
 + Level 4.4 Fire Magic


You had 5 spell levels left.
You knew the following spells:

 Your Spells              Type           Power        Failure   Level  Hunger
a - Flame Tongue          Conj/Fire      ###..        3%          1    None
b - Throw Flame           Conj/Fire      ###...       6%          2    ##.....
c - Conjure Flame         Conj/Fire      ###.....     12%         3    ###....


Dungeon Overview and Level Annotations

Branches:
Dungeon (4/15)
 Temple: D:4-7

Altars:
Ashenzari
Okawaru
Trog
Vehumet
Wu Jian
The Shining One


Innate Abilities, Weirdness & Mutations

Your plain brown scales are hard. (AC +6)
You cannot fit into any form of body armour.
You are cold-blooded and may be slowed by cold attacks.


Message History

The adder is almost dead.
The adder bites you but does no damage. The orc barely misses you.
The orc hits you but does no damage.
You completely miss the adder.
The adder is almost dead.
The adder bites you but does no damage. The orc hits you but does no damage.
The orc hits you with a flail!
* * * LOW HITPOINT WARNING * * *
You hit the adder.
You kill the adder!
Your Conjurations skill increases to level 3!
The orc hits you.
* * * LOW HITPOINT WARNING * * *
You closely miss the orc.
The orc is lightly wounded.
The orc completely misses you. The orc barely misses you.
You hit the orc.
The orc is moderately wounded.
The orc hits you with a flail.
You die...

#.<.#
#.#
#...
##..#
#.#
#...
#..# #.
#...
#.(#
#...
#..#
###.
####..#
#.
#.....#
#.
#.##..#
.. #
#o@# ##
#o†#
#..#
....
.#....
..#....
#.
#.....
#.
#.....


You could see 2 orcs.

Vanquished Creatures
  An orc priest (D:4)
  A hound skeleton (D:4)
  4 gnolls (D:3)
  11 adders
  An ooze (D:1)
  2 worms
  2 dart slugs
  7 leopard geckos
  3 orcs (D:3)
  2 giant cockroaches (D:3)
  5 hobgoblins
  4 jackals (D:2)
  16 kobolds
  2 quokkas (D:2)
  2 ball pythons (D:3)
  9 bats
  3 frilled lizards
  9 goblins
  11 rats
95 creatures vanquished.

Notes
Turn   | Place    | Note
-------+----------+-------------------------------------------
     0 | D:1      | cebutris the Draconian Fire Elementalist began the quest for the Orb.
     0 | D:1      | Reached XP level 1. HP: 14/14 MP: 3/3
   211 | D:1      | Reached XP level 2. HP: 19/20 MP: 1/5
   289 | D:1      | Learned a level 2 spell: Throw Flame
   601 | D:1      | Reached XP level 3. HP: 26/26 MP: 3/6
   606 | D:1      | Learned a level 3 spell: Conjure Flame
   712 | D:2      | Found a bloodstained altar of Trog.
   958 | D:2      | Reached XP level 4. HP: 18/33 MP: 0/7
  1806 | D:2      | Reached skill level 4 in Fire Magic
  1904 | D:3      | Reached XP level 5. HP: 38/38 MP: 0/9
  2591 | D:3      | Found a glowing golden altar of the Shining One.
  2591 | D:3      | Found a shattered altar of Ashenzari.
  2597 | D:3      | Found a radiant altar of Vehumet.
  2602 | D:3      | Found an ornate altar of the Wu Jian Council.
  2604 | D:3      | Found an iron altar of Okawaru.
  2775 | D:3      | Reached skill level 1 in Polearms
  2899 | D:4      | Reached XP level 6. HP: 16/46 MP: 1/10
  2904 | D:4      | HP: 1/46 [orc/flail (5)]
  2913 | D:4      | HP: 2/46 [orc (3)]
  2915 | D:4      | Slain by an orc

Vault maps used:
D:1:      ncdulo_halloftheorcs, minmay_misc_feat_more_columns
D:2:      bloody_trog
D:3:      chequers_temple_overflow_minitemple, st_stairs_13, bh_walls_and_bars

Skill      XL: |  1  2  3  4  5  6 |
---------------+-------------------+-----
Dodging        | 2 |  2.5
Stealth        | 2 |  2.2
Conjurations   | 2 3 |  3.0
Fire Magic     | 4 |  4.4
Spellcasting   | 3 |  3.2
Polearms       | 1 |  1.1
Fighting       | |  0.9

Action                   |  1- 3 |  4- 6 || total
-------------------------+-------+-------++-------
Melee: Spear             |    17 |    50 ||    67
       Tailslap          |     2 |     3 ||     5
 Cast: Flame Tongue      |    58 |    94 ||   152
  Use: Potion            |     1 |     7 ||     8
       Scroll            |       |     3 ||     3
  Eat: Chunk             |     1 |     5 ||     6
Armor: Skin              |    12 |    40 ||    52
Dodge: Dodged            |    34 |    74 ||   108
